 Dungeon Crawl Stone Soup version 0.26.1-11-gd32895ea62 (webtiles) character file.

Game seed: 16678784682947294037

1298 Almogavar the Covert (level 8, -1/54 HPs)
             Began as an Octopode Brigand on July 9, 2021.
             Was a Believer of Nemelex Xobeh.
             Slain by an ogre
             ... wielding a +0 giant spiked club
              (32 damage)
             ... on level 6 of the Dungeon.
             The game lasted 00:14:38 (6182 turns).

Almogavar the Covert (Octopode Brigand)             Turns: 6182, Time: 00:14:39

Health: -1/54      AC:  1    Str: 11      XL:     8   Next: 56%
Magic:  8/8        EV: 14    Int: 13      God:    Nemelex Xobeh [**....]
Gold:   287        SH:  5    Dex: 14 (15) Spells: 7/7 levels left

rFire    . . .     SeeInvis .   a - +3 dagger
rCold    + . .     Faith    .   (no shield)
rNeg     . . .     Spirit   .   (helmet restricted)
rPois    .         Reflect  +   m - amulet of reflection
rElec    .         Harm     .   d - ring of protection from cold
rCorr    .         Rampage  .   (no ring)
Will     .....                  (no ring)
Stlth    ++++++....             (no ring)
HPRegen  0.18/turn              (no ring)
MPRegen  0.11/turn              (no ring)
                                (no ring)
                                (no ring)

@: no status effects
A: almost no armour, stealthy swim, amphibious, 8 rings, constrict 8, camouflage
1, gelatinous body 1
a: Renounce Religion, Draw Escape, Draw Destruction, Draw Summoning


You were on level 6 of the Dungeon.
You worshipped Nemelex Xobeh.
Nemelex Xobeh was pleased with you.
You visited 1 branch of the dungeon, and saw 6 of its levels.

You collected 287 gold pieces.

Inventory:

Hand Weapons
 a - a +3 dagger (weapon)
 u - a +0 hunting sling
Missiles
 b - 57 poisoned darts (quivered)
 c - 2 curare-tipped darts
 g - 60 sling bullets
 v - 140 stones
 y - 2 boomerangs
Armour
 A - a +0 tower shield
Jewellery
 d - a ring of protection from cold (left tentacle)
 e - an uncursed amulet of magic regeneration
 m - an amulet of reflection (around mantle)
Scrolls
 f - 3 scrolls of fog
 h - a scroll of magic mapping
 i - 4 scrolls of enchant weapon
 j - 2 scrolls of amnesia
 k - 2 scrolls of teleportation
 p - a scroll of blinking {unknown}
 r - 6 scrolls of remove curse {unknown}
 x - a scroll of enchant armour {unknown}
Potions
 l - 2 potions of flight
 n - 3 potions of brilliance
 o - a potion of lignification {unknown}
 q - a potion of magic {unknown}
 s - a potion of ambrosia {unknown}
 t - a potion of haste {unknown}
 w - a potion of mutation {unknown}
 z - a potion of heal wounds {unknown}
 B - 2 potions of might {unknown}
 C - a potion of cancellation {unknown}


   Skills:
 + Level 3.6 Fighting
 + Level 5.0 Short Blades
 + Level 2.3 Throwing
 + Level 3.0 Dodging
 + Level 11.5 Stealth
 + Level 1.8 Shields


You had 7 spell levels left.
You didn't know any spells.
Your spell library was empty.

Dungeon Overview and Level Annotations

Branches:
Dungeon (6/15)             Temple (0/1) D:4

Altars:
Fedhas
Nemelex Xobeh
Qazlal
Trog
Vehumet
Yredelemnul


Innate Abilities, Weirdness & Mutations

You cannot wear most types of armour.
You are very stealthy in the water. (Stealth+)
You are amphibious.
You can wear up to eight rings at the same time.
You can use your tentacles to constrict eight enemies at once.
Your skin changes colour to match your surroundings (Stealth+).
Your rubbery body absorbs attacks. (AC +1, EV +1)


Message History

The worker ant is almost dead.
You constrict the worker ant, but do no damage.
The worker ant bites you.
You hit the worker ant but do no damage.
You squeeze the worker ant, but do no damage.
The worker ant is almost dead.
You constrict the worker ant.
You kill the worker ant!
No target in view!
An ogre comes into view. It is wielding a +0 giant spiked club.
The ogre shouts!
The ogre hits you with a +0 giant spiked club!!
You hit the ogre but do no damage. You squeeze the ogre!
The ogre is moderately wounded.
You hit the ogre.
The ogre is heavily wounded.
The ogre hits you with a +0 giant spiked club!!
Ouch! That really hurt!
You die...
Your body glows slightly and disappears.

########## ##
######........# #.
..............############
..........O.?.+...........
........@....########.#.#
###.........# ######.#.#
#.........# #...)....#
#.........# #.#.).....
#.$.......# #.#.##.###
#.######### #.#.#..... #.#
#.#.#..### #.# #.......
#.#### #...#...##


You could see an ogre.

Vanquished Creatures
  Grinder (D:4)
  An orc warrior (D:6)
  A phantom (D:6)
  An ogre (D:4)
  2 centaurs (D:5)
  A bullfrog (D:5)
  A scorpion (D:5)
  A howler monkey (D:6)
  A quasit (D:6)
  A hound (D:5)
  2 orc priests
  Crazy Yiuf (D:3)
  3 iguanas
  An orc wizard (D:3)
  3 worker ants
  A howler monkey skeleton (D:4)
  4 adders
  2 ufetubi (D:5)
  An adder skeleton (D:6)
  2 worms
  4 dart slugs
  6 leopard geckos
  13 orcs
  A ball python (D:6)
  5 giant cockroaches
  6 goblins
  11 hobgoblins
  6 jackals
  6 quokkas
  A ball python skeleton (D:5)
  10 bats
  8 frilled lizards
  A jackal skeleton (D:4)
  5 kobolds
  8 rats
122 creatures vanquished.

Notes
Turn   | Place    | Note
-------+----------+-------------------------------------------
     0 | D:1      | Almogavar the Octopode Brigand began the quest for the Orb.
     0 | D:1      | Reached XP level 1. HP: 14/14 MP: 1/1
    95 | D:1      | Reached XP level 2. HP: 18/19 MP: 2/2
   102 | D:1      | Reached skill level 6 in Stealth
   396 | D:1      | Reached XP level 3. HP: 24/24 MP: 3/3
  1069 | D:2      | Found a blossoming altar of Fedhas.
  1221 | D:2      | Found a sparkling altar of Nemelex Xobeh.
  1227 | D:2      | Became a worshipper of Nemelex Xobeh the Trickster
  1233 | D:2      | Found a stormy altar of Qazlal.
  1254 | D:2      | Reached XP level 4. HP: 22/29 MP: 4/4
  1361 | D:2      | Found a radiant altar of Vehumet.
  1364 | D:2      | Found a bloodstained altar of Trog.
  1456 | D:2      | Reached skill level 7 in Stealth
  2215 | D:3      | Reached XP level 5. HP: 30/34 MP: 5/5
  2233 | D:3      | Reached skill level 8 in Stealth
  2432 | D:3      | Found a basalt altar of Yredelemnul.
  2500 | D:3      | Found a runed translucent door.
  2501 | D:3      | Noticed Crazy Yiuf
  2508 | D:3      | Killed Crazy Yiuf
  2629 | D:3      | Reached * piety under Nemelex Xobeh
  2952 | D:4      | Found a staircase to the Ecumenical Temple.
  3057 | D:4      | Reached XP level 6. HP: 16/41 MP: 6/6
  3696 | D:4      | Received a gift from Nemelex Xobeh
  3696 | D:4      | Noticed Grinder
  3717 | D:4      | Killed Grinder
  3718 | D:4      | Reached skill level 9 in Stealth
  3718 | D:4      | Reached skill level 1 in Shields
  3718 | D:4      | Reached XP level 7. HP: 31/45 MP: 7/7
  4337 | D:5      | Entered Level 5 of the Dungeon
  4355 | D:5      | Reached skill level 10 in Stealth
  4724 | D:5      | Reached XP level 8. HP: 33/52 MP: 8/8
  5697 | D:6      | Reached ** piety under Nemelex Xobeh
  5803 | D:6      | Reached skill level 11 in Stealth
  5945 | D:6      | Reached skill level 5 in Short Blades
  6086 | D:6      | Received a gift from Nemelex Xobeh
  6182 | D:6      | Slain by an ogre

Illustrated notes

Levels and vault maps discovered:
D:1:      lightli_arrival_farm, layout_basic
D:2:      layout_basic, old_standard_altar, grunt_temple_overflow_cloverleaf
D:3:      layout_loops_ring, old_standard_altar, uniq_crazy_yiuf_cottage
D:4:      layout_cave_pods, minmay_temple_entry_arrows, uniq_grinder
D:5:      layout_loops_ring, kb_lookout_dungeons_type
D:6:      layout_basic, minmay_misc_feat_plants

Skill      XL: |  1  2  3  4  5  6  7  8 |
---------------+-------------------------+-----
Stealth        | 6 7 8 9 10 11 | 11.5
Short Blades   | 3 4 5 |  5.0
Shields        | 1 |  1.8
Fighting       | 3 |  3.6
Dodging        | 2 3 |  3.0
Throwing       | |  2.3

Action                   |  1- 3 |  4- 6 |  7- 9 || total
-------------------------+-------+-------+-------++-------
Melee: Dagger            |    59 |   102 |    99 ||   260
       Constrict         |    12 |    19 |    14 ||    45
       Tentacles         |    10 |    22 |    19 ||    51
Throw: Dart              |       |       |     3 ||     3
  Use: Scroll            |       |     6 |     4 ||    10
       Potion            |       |     1 |       ||     1
 Stab: Sleeping          |    14 |    17 |    16 ||    47
       Distracted        |       |     3 |       ||     3
Armor: Skin              |     9 |     6 |     6 ||    21
Dodge: Dodged            |    43 |    32 |    46 ||   121
Block: Other             |     2 |    14 |    13 ||    29
       Reflection        |       |     1 |       ||     1
